 Dungeon Crawl Stone Soup version 0.30.1-4-g462c640d31 (webtiles) character file.

Game seed: 6692520367682187345

143 safid the Chiller (level 5, -2/40 HPs)
             Began as a Merfolk Ice Elementalist on Aug 28, 2023.
             Slain by a sleepcap (5 damage)
             ... on level 3 of the Dungeon.
             The game lasted 00:04:06 (2516 turns).

safid the Chiller (Merfolk Ice Elementalist)        Turns: 2516, Time: 00:04:07

Health: -2/40      AC:  7    Str:  8 (9)  XL:     5   Next: 25%
Magic:  7/9        EV: 12    Int: 13 (16) God:
Gold:   174        SH:  0    Dex: 11 (14) Spells: 9/10 levels left

rFire   . . .        i - +1 mace (venom)
rCold   . . .        (no shield)
rNeg    . . .        a - +0 robe
rPois   .            c - +1 helmet
rElec   .            g - +2 cloak
rCorr   .            (no gloves)
SInv    .            (no boots)
Will    .....        (no amulet)
Stlth   ++           (no ring)
HPRegen 0.26/turn    (no ring)
MPRegen 0.11/turn

%: no passive effects
@: no status effects
A: (nimble swimmer 2), mertail
a: no special abilities


You were on level 3 of the Dungeon.
You visited 1 branch of the dungeon, and saw 3 of its levels.

You collected 174 gold pieces.

Inventory:

Hand Weapons
 i - a +1 mace of venom (weapon)
Armour
 a - a +0 robe (worn)
 c - a +1 helmet (worn)
 g - a +2 cloak (worn)
Wands
 n - a wand of polymorph (8)
Scrolls
 d - a scroll of amnesia {unknown}
 f - a scroll of vulnerability {unknown}
 h - a scroll of immolation {unknown}
 k - 4 scrolls of identify {unknown}
Potions
 b - a potion of magic
 e - a potion of curing {unknown}
 j - a potion of haste {unknown}
 l - a potion of might {unknown}
 m - 2 potions of degeneration


   Skills:
 + Level 2.9 Fighting
 - Level 2.6 Dodging
 - Level 2.1 Stealth
 + Level 3.2 Spellcasting
 + Level 5.4 Ice Magic


You had 9 spell levels left.
You knew the following spells:

 Your Spells              Type           Power      Damage    Failure   Level
a - Freeze                Ice            64%        1d7       2%          1

Your spell library contained the following spells:

 Spells                   Type           Power      Damage    Failure   Level
 Frozen Ramparts          Ice            32%        1d5       8%          3
 Ozocubu's Armour         Ice            16%        N/A       8%          3
 Inner Flame              Hex/Fire       2%         N/A       56%         3
 Summon Ice Beast         Ice/Summ       9%         N/A       58%         4
 Flame Wave               Conj/Fire      2%         2d4       92%         4
 Sticky Flame             Conj/Fire      2%         2d3       92%         4
 Ozocubu's Refrigeration  Ice            8%         4d9       100%        7


Dungeon Overview and Level Annotations

Branches:
Dungeon (3/15)

Altars:
Gozag


Innate Abilities, Weirdness & Mutations

((You are very nimble when in or above water. (Stealth+, EV+, Speed+++)))
Your lower body shifts to a powerful aquatic tail in water.


Message History

* * * LOW HITPOINT WARNING * * *
You are engulfed in a cloud of soporific spores!
You are unaffected.
The sleepcap misses you.
Unknown command.
It was a potion of degeneration.
There was something very wrong with that liquid.
You feel weakened.
You feel dopey.
You feel clumsy. The sleepcap releases spores at you.
* * * LOW HITPOINT WARNING * * *
The sleepcap barely misses you.
You hit the sleepcap but do no damage. The sleepcap releases spores at you.
* * * LOW HITPOINT WARNING * * *
The sleepcap releases spores at you but does no damage.
Unknown command.
Casting: Freeze (safe; 2% risk of failure)
Confirm with . or Enter, or press ? or * to list all spells.
Aiming: Freeze (safe; 2% risk of failure)
Press: ? - help, Shift-Dir - straight line, f - sleepcap
Aim: a sleepcap (almost destroyed, very poisoned)
You freeze the sleepcap.
You destroy the sleepcap!
The sleepcap barely misses you.
Unknown command.
Casting: Freeze (safe; 2% risk of failure)
Confirm with . or Enter, or press ? or * to list all spells.
Aiming: Freeze (safe; 2% risk of failure)
Press: ? - help, Shift-Dir - straight line, f - sleepcap
Aim: a sleepcap You freeze the sleepcap.
The sleepcap is lightly damaged.
The sleepcap releases spores at you.
* * * LOW HITPOINT WARNING * * *
You hit the sleepcap.
The sleepcap is poisoned.
The sleepcap is moderately damaged.
The sleepcap completely misses you.
The sleepcap releases spores at you but does no damage.
You hit the sleepcap.
The sleepcap is heavily damaged.
The sleepcap releases spores at you.
You die...

.......#######.♣♣♣.##
...####........♣[♣##
.#.####.....##♣♣.♣♣
.#..........# ♣...♣
.######.....#♣♣...♣♣
.### #.....#♣.....♣
...# #####..♣.....♣
.#.# ###♣♣''f♣ .#.#
#.@.# .#[#### ####..#
......# #.....#
...##.# #.#####
..###.#######.#
..............#
..###.#########
..###.# (.....#


You could see a sleepcap (very poisoned).

Vanquished Creatures
  A sleepcap (D:3)
  3 adders
  A worm (D:3)
  3 dart slugs
  2 orcs (D:3)
  8 endoplasms
  6 giant cockroaches
  7 goblins
  13 hobgoblins
  4 quokkas
  4 ball pythons
  5 bats
  3 frilled lizards
  9 kobolds
  2 rats
71 creatures vanquished.

Notes
Turn   | Place    | Note
-------+----------+-------------------------------------------
     0 | D:1      | safid the Merfolk Ice Elementalist began the quest for the
                  | Orb.
     0 | D:1      | Reached XP level 1. HP: 13/13 MP: 3/3
   186 | D:1      | Reached XP level 2. HP: 20/20 MP: 3/5
   191 | D:1      | Reached skill level 1 in Fighting
   619 | D:1      | Reached XP level 3. HP: 26/26 MP: 2/6
  1462 | D:2      | Reached skill level 5 in Ice Magic
  1462 | D:2      | Reached XP level 4. HP: 33/33 MP: 8/8
  1864 | D:3      | Found an opulent altar of Gozag.
  2405 | D:3      | Reached XP level 5. HP: 39/39 MP: 9/9
  2514 | D:3      | HP: 2/40 [sleepcap (3)]
  2516 | D:3      | Slain by a sleepcap

Illustrated notes

Levels and vault maps discovered:
D:1:      scummos_arrival_gate, layout_basic
D:2:      wander_river, layout_basic
D:3:      layout_loops_cross, mainiacjoe_overflow_alcove_4, hellmonk_no_cap

Skill      XL: |  1  2  3  4 |
---------------+-------------+-----
Fighting       | 1 2 |  2.9
Ice Magic      | 5 |  5.4
Spellcasting   | 3 |  3.2
Dodging        | |  2.6
Stealth        | |  2.1

Action                     |  1- 3 |  4- 6 || total
---------------------------+-------+-------++-------
  Melee: Short sword       |   112 |       ||   112
         Punch             |     1 |     2 ||     3
         Mace              |    11 |    83 ||    94
   Cast: Freeze            |    17 |     5 ||    22
    Use: Potion            |       |     1 ||     1
   Stab: Sleeping          |     9 |     8 ||    17
 Armour: Robe              |    32 |    35 ||    67
  Dodge: Dodged            |    82 |    61 ||   143
